[Event "South Island Championships 2023"]
[Site "Oamaru, New Zealand"]
[Date "2023.09.30"]
[Round "8.5"]
[White "Christie, Richie"]
[Black "Stark, John"]
[Result "1/2-1/2"]
[TimeControl "90 + 30"]
[WhiteFideId "4307470"]
[BlackFideId "4300963"]
[WhiteElo "1927"]
[BlackElo "2204"]

1. d4 Nf6 2. Bf4 b6 3. Nf3 Bb7 4. e3 d6 5. Nc3 Nbd7 6. Bc4 h6 7. d5 g6 8. e4 Bg7 9. Qd2 a6 10.
a4 Ng4 11. O-O O-O 12. h3 Nge5 13. Nxe5 Nxe5 14. Bb3 Kh7 1/2-1/2

[Event "South Island Championships 2023"]
[Site "Oamaru, New Zealand"]
[Date "2023.09.30"]
[Round "8.4"]
[White "Cummings, Nick"]
[Black "Kerr, Atlas"]
[Result "1/2-1/2"]
[TimeControl "90 + 30"]
[WhiteFideId "4301218"]
[BlackFideId "4319486"]
[WhiteElo "2094"]
[BlackElo "1853"]

1. d4 Nf6 2. Nf3 e6 3. g3 d5 4. c4 Bb4+ 5. Bd2 Bxd2+ 6. Nbxd2 O-O 7. Bg2 c6 8. O-O a5 9. Qc2 Nbd7 10.
e4 dxe4 11. Nxe4 Nxe4 12. Qxe4 Nf6 13. Qe2 Bd7 14. Rfd1 Qc8 15. Ne5 Rd8 16. Rac1 c5 17. dxc5 Qxc5 18. Bxb7 Rab8 19. Bg2 Be8 20.
b3 a4 21. Nd3 Qa3 22. b4 Rd4 23. b5 Rbd8 24. Ne1 Rxd1 25. Rxd1 Rxd1 26. Qxd1 Qxa2 27. Qc2 Qa1 28. Kf1 a3 29.
b6 a2 30. b7 Qxe1+ 31. Kxe1 a1=Q+ 32. Qd1 Qe5+ 33. Kf1 Qc7 34. Qb3 Nd7 35. Qb5 Qb8 36. Qc6 Qe5 37. Bf3 Kf8 38. Qc8 Nb8 39.
c5 Ke7 40. c6 Qb5+ 41. Kg2 Nxc6 42. Kg1 Qb1+ 43. Kg2 Qb5 44. Kg1 1/2-1/2

[Event "South Island Championships 2023"]
[Site "Oamaru, New Zealand"]
[Date "2023.09.30"]
[Round "8.7"]
[White "Mayrhuber, Nikola"]
[Black "McConnell, Jack"]
[Result "1-0"]
[TimeControl "90 + 30"]
[WhiteFideId "1637819"]
[BlackFideId "4321871"]
[WhiteElo "2059"]
[BlackElo "1640"]

1. d4 Nf6 2. c4 c5 3. d5 e6 4. Nc3 exd5 5. cxd5 d6 6. e4 g6 7. f4 Bg7 8. Nf3 O-O 9. Be2 b5 10.
e5 Ng4 11. h3 b4 12. Ne4 Nxe5 13. fxe5 dxe5 14. O-O f5 15. Nxc5 Qb6 16. Be3 e4 17. Nd2 Ba6 18. Ndb3 Re8 19.
Bxa6 Nxa6 20. Qe2 Nxc5 21. Bxc5 Qd8 22. d6 Be5 23. Bxb4 Bxd6 24. Qc4+ Kh8 25. Bc3+ Be5 26. Rad1 Qf6 27.
Bxe5 Qxe5 28. Qd4 e3 1-0

[Event "South Island Championships 2023"]
[Site "Oamaru, New Zealand"]
[Date "2023.09.30"]
[Round "8.9"]
[White "Malcolm, Leo"]
[Black "Barry, Jacob"]
[Result "1-0"]
[TimeControl "90 + 30"]
[WhiteFideId "4317408"]
[BlackFideId "4304462"]
[WhiteElo "1876"]
[BlackElo "1565"]

1. e4 e5 2. Nc3 Nf6 3. Nf3 Nc6 4. Nxe5 Nxe5 5. d4 Nc6 6. d5 Ne5 7. f4 Ng6 8. e5 Bb4 9. exf6 Qxf6 10.
Qf3 Bxc3+ 11. bxc3 O-O 12. Be2 Re8 13. O-O Nh4 14. Qf2 Qxc3 15. Qxh4 Qxa1 16. Bd3 Qd4+ 17. Kh1 g6 18. Qg3 Qxd5 19. f5 Qe5 20. Bf4 Qg7 21.
Qh4 gxf5 22. Bh6 Qg4 23. Re1 Rf8 24. Qe7 1-0

[Event "South Island Championships 2023"]
[Site "Oamaru, New Zealand"]
[Date "2023.09.30"]
[Round "8.2"]
[White "Lee, Edward S"]
[Black "Ong, Rommel"]
[Result "1-0"]
[TimeControl "90 + 30"]
[WhiteFideId "4303229"]
[BlackFideId "5259630"]
[WhiteElo "2088"]
[BlackElo "1852"]

1. e4 c5 2. Nc3 Nc6 3. f4 e6 4. Bb5 Nge7 5. Bxc6 Nxc6 6. Nf3 d5 7. e5 Be7 8. O-O O-O 9. d3 a6 10.
a3 b5 11. Qe1 Kh8 12. d4 cxd4 13. Ne2 Bd7 14. Nexd4 Rc8 15. c3 Nxd4 16. Nxd4 Bc5 17. Be3 Bxd4 18. Bxd4 Rc4 19. Qg3 g6 20.
Rad1 Rg8 21. Rd3 Rg7 22. Rff3 Kg8 23. Qe1 h6 24. Rh3 Rh7 25. Rdg3 Kf8 26. Qe3 h5 27. Rg5 Qe7 28. g4 h4 29.
Qf2 Ke8 30. Rxh4 Rxh4 31. Qxh4 Kd8 32. Qh7 Be8 33. Qh4 Kc8 34. Rh5 Qxh4 35. Rxh4 a5 36. Rh3 b4 37. axb4 axb4 38. b3 Rc6 39.
cxb4 Rc1+ 40. Kf2 Rb1 41. Rh8 Kd7 42. b5 Rxb3 43. b6 Rb5 44. h4 Ke7 45. h5 gxh5 46. gxh5 Bc6 47. Rc8 Be8 48.
Bc5+ Kd7 49. Rc7+ Kd8 50. Be7# 1-0

[Event "South Island Championships 2023"]
[Site "Oamaru, New Zealand"]
[Date "2023.09.30"]
[Round "8.1"]
[White "Zhang, Kendrick Botong"]
[Black "McNabb, Matthew D"]
[Result "1/2-1/2"]
[TimeControl "90 + 30"]
[WhiteFideId "4307704"]
[BlackFideId "4300823"]
[WhiteElo "2067"]
[BlackElo "2236"]

1. e4 e5 2. Nf3 Nf6 3. Nxe5 d6 4. Nf3 Nxe4 5. d4 d5 6. Bd3 Nc6 7. c3 Bd6 8. O-O O-O 9. c4 Nb4 10.
c5 Nxd3 11. Qxd3 Be7 12. Nc3 Bf5 13. Qb5 Rb8 14. Be3 c6 15. Qa4 Ra8 16. Ne2 Bg4 17. Qb3 Qc8 18. Bf4 g5 19. Bc1 Kh8 20.
Ng3 Nxg3 21. fxg3 f6 22. Bd2 Qd7 23. Rae1 Rae8 24. Re3 Bd8 25. Rfe1 Bh5 26. Qa3 a6 27. Ba5 Bg6 28. Bxd8 Qxd8 29.
b4 Re4 30. Qc3 Rfe8 31. Nd2 R4e7 32. Nb3 Be4 33. a4 Kg7 34. Nd2 Bg6 35. Kf2 Be4 36. Nb3 Qd7 37. Nd2 h5 38. Nf3 Qf5 39.
Kg1 Qg4 40. Nd2 Qd7 41. Nf3 Qg4 42. Nd2 Qd7 43. Nf3 Qg4 1/2-1/2

[Event "South Island Championships 2023"]
[Site "Oamaru, New Zealand"]
[Date "2023.09.30"]
[Round "8.6"]
[White "Ha, Timothy Huy Minh"]
[Black "Wang, Justin Zhide"]
[Result "1-0"]
[TimeControl "90 + 30"]
[WhiteFideId "12417246"]
[BlackFideId "4312830"]
[WhiteElo "1843"]
[BlackElo "1849"]

1. Nf3 Nf6 2. c4 e6 3. g3 b6 4. Bg2 Bb7 5. O-O Be7 6. Nc3 O-O 7. d4 d6 8. Qc2 c5 9. e4 cxd4 10.
Nxd4 Nbd7 11. b3 Rc8 12. Qe2 a6 13. Bb2 Qc7 14. Rac1 Nb8 15. Bh3 Qd7 16. Rcd1 Nc6 17. Nf3 Qc7 18.
Rfe1 Rcd8 19. Nd5 exd5 20. exd5 Ne5 21. Nxe5 dxe5 22. Bxe5 Bd6 23. Bxf6 gxf6 24. Qh5 f5 25. Qg5+ Kh8 26.
Qf6+ Kg8 27. Bxf5 Rfe8 28. Qg5+ Kh8 29. Qh6 f6 30. Qxf6+ Qg7 31. Rxe8+ Rxe8 32. Qxd6 Rf8 33. Bh3 h5 34.
Re1 h4 35. Qe5 hxg3 36. Qxg7+ Kxg7 37. Re7+ Rf7 38. Rxf7+ Kxf7 39. Be6+ Kf6 40. hxg3 Ke5 41. f3 Kd6 42. f4 b5 43.
g4 bxc4 44. bxc4 a5 45. g5 a4 46. g6 a3 47.
g7 Bc6 48. dxc6 Kc5 49. g8=Q Kd4 50. Qg7+ Kc5 51. Qe5+ Kb4 52. c7 Ka4 53. Qb5# 1-0